 Dungeon Crawl Stone Soup version 0.19-a0-1682-g5114f93 (webtiles) character file.

104 TheGoonsmith the Ruffian (level 4, -1/45 HPs)
             Began as a Troll Monk on Sept 24, 2016.
             Slain by TheGoonsmith's ghost (19 damage)
             ... on level 3 of the Dungeon.
             The game lasted 00:03:29 (1734 turns).

TheGoonsmith the Ruffian (Troll Monk)               Turns: 1734, Time: 00:03:30

Health: -1/45      AC:  6    Str: 19 (21) XL:     4   Next: 52%
Magic:  3/3        EV: 10    Int:  4 (6)  God:
Gold:   112        SH:  0    Dex: 11 (13) Spells: 0 memorised, 3 levels left

rFire  . . .     SeeInvis .       - Unarmed
rCold  . . .     Gourm    +     a - +0 robe
rNeg   . . .     Faith    .     (no shield)
rPois  .         Spirit   .     (helmet restricted)
rElec  .         Dismiss  .     (no cloak)
rCorr  .         Reflect  .     (gloves unavailable)
MR     .....     Harm     .     (boots unavailable)
Stlth  +.........               (no amulet)
                                (no ring)
                                (no ring)

@: no status effects
A: unfitting armour, claws 3, fast metabolism 3, gourmand, regeneration 1,
shaggy fur 1, strong 1, tough skin 2
a: no special abilities


You were on level 3 of the Dungeon.
You were very full.

You visited 1 branch of the dungeon, and saw 3 of its levels.

You collected 112 gold pieces.

Inventory:

Missiles
 n - 3 javelins (quivered)
Armour
 a - a +0 robe (worn)
Scrolls
 c - 3 scrolls of teleportation {unknown}
 e - a scroll of fear {unknown}
 f - 5 scrolls of remove curse {unknown}
 g - a scroll of amnesia {unknown}
 i - 8 scrolls of identify {unknown}
 k - a scroll of recharging {unknown}
 l - 2 scrolls of fog {unknown}
 o - a scroll of blinking {unknown}
 p - 3 scrolls of enchant armour {unknown}
 t - a scroll of enchant weapon {unknown}
 x - a scroll of immolation {unknown}
Potions
 d - 2 potions of brilliance
 m - 3 potions of curing
 v - 2 potions of heal wounds
Comestibles
 b - 3 bread rations
 h - a beef jerky
 q - a meat ration
 s - a slice of pizza
 z - 3 fruits


   Skills:
 + Level 3.1 Fighting
 + Level 2.9 Dodging
 - Level 1.1 Stealth
 * Level 4.3 Unarmed Combat


You had 3 spell levels left.
You didn't know any spells.

Dungeon Overview and Level Annotations

Branches:
Dungeon (3/15)

Altars:
Dithmenos
Xom
Zin

Annotations:
D:3 TheGoonsmith's ghost, amateur TrCK


Innate Abilities, Weirdness & Mutations

You are too large for most types of armour.
You have claws for hands.
Your metabolism is lightning-fast.
You like to eat raw meat.
Your natural rate of healing is unusually fast.
You are covered in fur. (AC +1)
You have very tough skin. (AC +2)
Your muscles are strong. (Str +2)


Message History

You feel resistant to hostile enchantments.
You feel stronger.
You feel less resistant to hostile enchantments.
TheGoonsmith's ghost hits you!
You scratch TheGoonsmith's ghost but do no damage.
TheGoonsmith's ghost is lightly damaged.
TheGoonsmith's ghost misses you.
You closely miss TheGoonsmith's ghost.
TheGoonsmith's ghost is lightly damaged.
TheGoonsmith's ghost hits you but does no damage.
You scratch TheGoonsmith's ghost.
TheGoonsmith's ghost is lightly damaged.
TheGoonsmith's ghost hits you!
You claw TheGoonsmith's ghost!
TheGoonsmith's ghost is heavily damaged.
TheGoonsmith's ghost barely misses you.
You scratch TheGoonsmith's ghost but do no damage.
TheGoonsmith's ghost is heavily damaged.
TheGoonsmith's ghost hits you!!
You die...

....# #....W....# #####
####((....## #
######........#
#......##.....######
#......##....W##...# #####
#......##......#...# #...#
#..........(....(..# #...#
#..W...########....# #...#
#..@...# ###)... #...##
#......# #.....#
#....####......# ##W#%..#
#............### ###<.#(..#
#..(########..#####...######
#...# #.......#### #####
#....###...## #
##.#........#### #
..###.)........


You could see TheGoonsmith's ghost.

Vanquished Creatures
  4 adders
  A worm (D:2)
  2 dart slugs
  2 leopard geckos
  A ball python (D:2)
  4 giant cockroaches
  10 goblins
  11 hobgoblins
  5 bats
  7 frilled lizards
  4 kobolds
  6 rats
57 creatures vanquished.

Vanquished Creatures (others)
  A quokka (D:3)
1 creature vanquished.

Grand Total: 58 creatures vanquished

Notes
Turn   | Place    | Note
-------+----------+-------------------------------------------
     0 | D:1      | TheGoonsmith the Troll Monk began the quest for the Orb.
     0 | D:1      | Reached XP level 1. HP: 22/22 MP: 0/0
   119 | D:1      | Reached XP level 2. HP: 29/29 MP: 1/1
   592 | D:2      | Reached XP level 3. HP: 36/36 MP: 2/2
  1070 | D:2      | Reached XP level 4. HP: 45/45 MP: 3/3
  1078 | D:2      | Reached skill level 4 in Unarmed Combat
  1422 | D:3      | Noticed TheGoonsmith's ghost (amateur TrCK)
  1435 | D:3      | HP: 2/45 [TheGoonsmith's ghost (7)]
  1539 | D:3      | Found a shadowy altar of Dithmenos.
  1618 | D:3      | Found a glowing silver altar of Zin.
  1619 | D:3      | Noticed an angel
  1621 | D:3      | Found a shimmering altar of Xom.
  1729 | D:3      | Gained mutation: You are resistant to hostile enchantments. (MR+) [potion of mutation]
  1729 | D:3      | Gained mutation: Your muscles are strong. (Str +2) [potion of mutation]
  1729 | D:3      | Lost mutation: You are resistant to hostile enchantments. (MR+) [potion of mutation]
  1734 | D:3      | Slain by TheGoonsmith's ghost

Vault maps used:
D:1:      dpeg_arrival_rooms_b, minmay_circled_x
D:2:      minmay_diamond_boxcup
D:3:      grunt_temple_overflow_order_and_chaos_1, grunt_dithmenos_smoke,
          uniq_natasha

Skill      XL: |  1  2  3  4 |
---------------+-------------+-----
Fighting       | 3 |  3.1
Unarmed Combat | 4 |  4.3
Dodging        | |  2.9
Stealth        | |  1.1

Action                   |  1- 3 |  4- 6 || total
-------------------------+-------+-------++-------
Melee: Unarmed           |   100 |    62 ||   162
       Punch             |     1 |     1 ||     2
Throw: Javelin           |       |     6 ||     6
  Use: Potion            |       |     8 ||     8
 Stab: Sleeping          |     3 |     2 ||     5
  Eat: Chunk             |    11 |    10 ||    21
Armor: Robe              |    39 |    21 ||    60
Dodge: Dodged            |    66 |    31 ||    97
